 Dungeon Crawl Stone Soup version 0.29.0-4-gdea44cf6ec (webtiles) character file.

Game seed: 1079424201998827139

65 qw the Chopper (level 4, -4/26 HPs)
             Began as a Tengu Warper on Aug 28, 2022.
             Slain by Terence
             ... wielding a +4 short sword
              (5 damage)
             ... on level 2 of the Dungeon.
             The game lasted 00:00:11 (2297 turns).

qw the Chopper (Tengu Warper)                       Turns: 2297, Time: 00:00:12

Health: -4/26      AC:  3    Str: 14    XL:     4   Next: 13%
Magic:  8/8        EV: 12    Int: 13    God:
Gold:   102        SH:  0    Dex: 13    Spells: 7/7 levels left

rFire   . . .      SeeInvis .   Y - +1 hand axe
rCold   . . .      Faith    .   (no shield)
rNeg    . . .      Spirit   .   b - +0 leather armour
rPois   .          Reflect  .   (helmet restricted)
rElec   .          Harm     .   (no cloak)
rCorr   .          Rampage  .   (no gloves)
Will    .....                   (boots unavailable)
Stlth   +.........              (no amulet)
HPRegen 0.08/turn               (no ring)
MPRegen 0.11/turn               (no ring)

@: no status effects
A: beak, talons 3
a: no special abilities


You were on level 2 of the Dungeon.
You visited 1 branch of the dungeon, and saw 2 of its levels.

You collected 102 gold pieces.


Innate Abilities, Weirdness & Mutations

You have a beak for a mouth.
You have claws for feet.


   Skills:
 - Level 2.0 Fighting
 + Level 4.7 Axes
 - Level 1.0 Throwing
 - Level 1.1 Armour
 - Level 2.1 Dodging
 - Level 2.0 Spellcasting
 - Level 2.4 Translocations


You had 7 spell levels left.
You didn't know any spells.
Your spell library contained the following spells:

 Spells                   Type           Power      Damage    Failure   Level
 Blink                    Tloc           14%        N/A       19%         2
 Gell's Gravitas          Tloc           7%         N/A       34%         3
 Lesser Beckoning         Tloc           7%         N/A       34%         3
 Teleport Other           Tloc           7%         N/A       34%         3
 Manifold Assault         Tloc           7%         N/A       97%         5

Inventory:

Hand Weapons
 a - a +2 whip of freezing
 Y - a +1 hand axe (weapon)
Armour
 b - a +0 leather armour (worn)
Jewellery
 d - a ring of flight
Scrolls
 c - a scroll of amnesia {unknown}
Potions
 g - a potion of haste {unknown}
 j - a potion of mutation {unknown}
 k - a potion of might {unknown}

Dungeon Overview and Level Annotations

Branches:
Dungeon (2/15)

Altars:
Wu Jian

Annotations:
D:2 Terence


Message History

You barely miss the frilled lizard. You claw the frilled lizard.
You kill the frilled lizard!
You hit Terence. Your kick misses Terence.
Terence is lightly wounded.
You hit the kobold. Terence hits you with a +4 short sword.
The kobold hits you with a +0 whip.
You closely miss the kobold.
The kobold is heavily wounded.
You closely miss Terence. Terence closely misses you.
The kobold barely misses you.
You slash the kobold!
You kill the kobold!
You hit Terence but do no damage. Terence hits you with a +4 short sword.
You hit Terence but do no damage. Your peck misses Terence.
Terence is lightly wounded.
Terence hits you with a +4 short sword.
You hit Terence but do no damage.
Terence is lightly wounded.
You closely miss the bat. The bat closely misses you.
Terence closely misses you. The bat barely misses you.
You barely miss Terence. You peck Terence.
Terence is moderately wounded.
You barely miss the bat. The bat closely misses you.
Terence hits you with a +4 short sword.
You hit Terence. You claw Terence, but do no damage.
You peck Terence, but do no damage.
Terence is heavily wounded.
You completely miss the endoplasm. The endoplasm closely misses you.
Terence completely misses you.
You hit Terence but do no damage. Your kick misses Terence.
You peck Terence, but do no damage.
Terence is moderately wounded.
You hit the endoplasm.
The endoplasm hits you but does no damage.
Terence hits you with a +4 short sword!
The endoplasm hits you but does no damage.
Terence hits you with a +4 short sword.
You die...

### . #.. ..
#######.######...
...[.............
......#.#..(:....
#.........J..:#
.#....#%#@@b:#.@
#######.######## ##### ###
##..#.)##.## ##.###...###.#
##.##.#####.###.#.#.###...#.
#.####..####...###.########.
#.######.##.#### ##.##..##.#
##.8# ##..## ##..###.##
#######################.###
#..............%..........#


You could see Terence, an endoplasm and a bat.

Vanquished Creatures
  An adder (D:2)
  A dart slug (D:1)
  9 ball pythons
  5 endoplasms
  2 giant cockroaches (D:1)
  3 goblins
  4 hobgoblins
  4 jackals (D:2)
  6 kobolds
  A quokka (D:1)
  8 bats
  3 frilled lizards (D:2)
  A rat (D:2)
48 creatures vanquished.

Notes
Turn   | Place    | Note
-------+----------+-------------------------------------------
     0 | D:1      | qw the Tengu Warper began the quest for the Orb.
     0 | D:1      | Reached XP level 1. HP: 12/12 MP: 4/4
     0 | D:1      | 0 ||| qw: Version: 0.1-a-89-g26bdef1
     0 | D:1      | 0 ||| qw: Game counter: 1527
     0 | D:1      | 0 ||| qw: Always use a shield: true
     0 | D:1      | 0 ||| qw: God list: Okawaru
     0 | D:1      | 0 ||| qw: Allow faded altars: false
     0 | D:1      | 0 ||| qw: Do Orc after D:15 true
     0 | D:1      | 0 ||| qw: Do second Lair branch before Depths: true
     0 | D:1      | 0 ||| qw: Lair rune preference: random
     0 | D:1      | 0 ||| qw: Plans: Normal
     0 | D:1      | 0 ||| PLANNING D:1-11
   143 | D:1      | Reached skill level 3 in Axes
   143 | D:1      | Reached XP level 2. HP: 17/17 MP: 6/6
   213 | D:1      | 213 ||| Stepping ~*~*~tactically~*~*~ (hiding).
   397 | D:1      | 397 ||| Stepping ~*~*~tactically~*~*~ (stealth).
   410 | D:1      | 410 ||| Stepping ~*~*~tactically~*~*~ (stealth).
   413 | D:1      | 413 ||| Stepping ~*~*~tactically~*~*~ (stealth).
   418 | D:1      | 418 ||| Stepping ~*~*~tactically~*~*~ (stealth).
   718 | D:1      | 718 ||| DROPPING +0 club.
   915 | D:1      | Reached XP level 3. HP: 17/21 MP: 7/7
  1073 | D:1      | Found a faded altar of an unknown god.
  1540 | D:1      | 1540 ||| DROPPING scarf of shadows.
  1541 | D:1      | 1541 ||| DROPPING amulet of magic regeneration.
  1542 | D:1      | 1542 ||| READING scroll labelled VIFOGA TAWNOZ.
  1543 | D:1      | 1543 ||| READING scroll labelled RIONARPH QAMU.
  1544 | D:1      | 1544 ||| READING scroll labelled FEAQ CEYKHE.
  1545 | D:1      | 1545 ||| DRINKING 2 metallic ruby potions.
  1546 | D:1      | 1546 ||| DROPPING scroll of blinking.
  1547 | D:1      | 1547 ||| DROPPING potion of flight.
  1582 | D:2      | Found an ornate altar of the Wu Jian Council.
  1604 | D:2      | Reached skill level 4 in Axes
  1722 | D:2      | 1722 ||| Stepping ~*~*~tactically~*~*~ (stealth).
  1724 | D:2      | 1724 ||| Stepping ~*~*~tactically~*~*~ (stealth).
  1734 | D:2      | 1734 ||| Stepping ~*~*~tactically~*~*~ (stealth).
  1735 | D:2      | 1735 ||| Stepping ~*~*~tactically~*~*~ (stealth).
  1922 | D:2      | 1922 ||| DROPPING +0 whip.
  2161 | D:2      | Reached XP level 4. HP: 18/26 MP: 8/8
  2282 | D:2      | Noticed Terence
  2283 | D:2      | 2283 ||| Stepping ~*~*~tactically~*~*~ (stealth).
  2297 | D:2      | HP: 1/26 [Terence/+4 short sword (7)]
  2297 | D:2      | Slain by Terence

Levels and vault maps discovered:
D:1:      onia_arrival_mini_spirals, layout_basic,
          shapermc_ecumenical_altar_pompeii, chequers_serial_rivers_micro_b
D:2:      wad_river_or_something, layout_rooms, basic_altar,
          minmay_misc_feat_alley, minmay_heptomino_d4, uniq_terence

Skill      XL: |  1  2  3 |
---------------+----------+-----
Axes           | 3 4 |  4.7
Fighting       | |  2.0
Throwing       | |  1.0
Armour         | |  1.1
Dodging        | |  2.1
Spellcasting   | |  2.0
Translocations | |  2.4

Action                   |  1- 3 |  4- 6 || total
-------------------------+-------+-------++-------
Melee: Hand axe          |   108 |    11 ||   119
       Kick              |    17 |     2 ||    19
       Peck              |    13 |     3 ||    16
Throw: Boomerang         |     7 |       ||     7
  Use: Scroll            |     3 |       ||     3
       Potion            |     1 |       ||     1
Armor: Leather armour    |    34 |     2 ||    36
Dodge: Dodged            |    82 |    10 ||    92

Table legend:
 A = Non-vault XP
 B = Vault XP
 C = Vault XP percentage of total XP
 D = Non-vault monster count
 E = Vault monster count
 F = Vault count percentage of total count
                 A         B        C        D         E       F
            +---------+---------+-------+---------+---------+-------
      Total |      80 |      13 |  14.0 |      39 |       9 |  18.8
            +---------+---------+-------+---------+---------+-------
        D:1 |      42 |       0 |   0.0 |      23 |       0 |   0.0
        D:2 |      38 |      13 |  25.5 |      16 |       9 |  36.0
            +---------+---------+-------+---------+---------+-------
